 Dungeon Crawl Stone Soup version 0.32-a0-747-gc8563f6773 (webtiles) character file.

Game seed: 11909394871607207370

139446 cojito the Warrior (level 16, -21/155 HPs)
             Began as a Grey Draconian Shapeshifter on Mar 18, 2024.
             Was the Champion of Wu Jian.
             Killed from afar by an ice dragon (45 damage)
             ... with a blast of cold
             ... on level 4 of the Swamp.
             The game lasted 01:08:52 (26846 turns).

cojito the Warrior (Grey Draconian Shapeshifter)   Turns: 26846, Time: 01:08:53

Health: -21/155    AC: 19    Str: 17    XL:     16   Next: 73%
Magic:  16/16      EV: 23    Int: 12    God:    Wu Jian [******]
Gold:   481        SH: 17    Dex: 17    Spells: 15/15 levels left

rFire   . .          .
                       - Unarmed
rCold   . . .        l - +0 tower shield
rNeg    . . .        (body armour unavailable)
rPois   .            J - +2 hat
rElec   .            W - +0 cloak
rCorr   .            Q - +0 pair of gloves
SInv    .            o - +0 pair of boots
Will    ++...        (no amulet)
Stlth   +++          p - ring of willpower
HPRegen 0.45/turn    D - +5 ring of evasion
MPRegen 0.15/turn

%: no passive effects
@: maw-form
A: devouring maw, mud breath, mud-swimmer, AC +14, amphibious, unfitting armour,
cold-blooded
a: Mud Breath, Begin Untransformation, Renounce Religion, Wall Jump, Serpent's
Lash, Heavenly Storm


You were on level 4 of the Swamp.
You worshipped Wu Jian.
Wu Jian was exalted by your worship.
You were a creature with a mouth for a stomach.
You visited 4 branches of the dungeon, and saw 26 of its levels.

You collected 2338 gold pieces.
You spent 1857 gold pieces at shops.

Inventory:

Missiles
 i - 8 throwing nets (quivered)
Armour
 l - a +0 tower shield (worn)
 o - a +0 pair of boots (worn)
 J - a +2 hat (worn)
 Q - a +0 pair of gloves (worn)
 W - a +0 cloak (worn)
Jewellery
 p - a ring of willpower (left hand)
 y - a +5 ring of evasion
 D - a +5 ring of evasion (right hand)
 F - a +4 ring of protection
 K - a ring of protection from fire
 R - a ring of protection from fire
 U - a ring of protection from cold
Talismans
 b - a beast talisman
 c - a flux talisman
 E - a maw talisman (active)
 V - a dragon-blood talisman
Wands
 t - a wand of light (14)
 x - a wand of charming (39)
 H - a wand of flame (26)
 L - a wand of digging (20)
 O - a wand of warping (40)
 P - a wand of polymorph (8)
 T - a wand of mindburst (17)
Scrolls
 a - 5 scrolls of fog
 d - 6 scrolls of teleportation
 e - 4 scrolls of poison
 g - 8 scrolls of immolation
 k - 2 scrolls of vulnerability
 n - 3 scrolls of revelation
 q - 2 scrolls of brand weapon
 s - 2 scrolls of amnesia
 u - 4 scrolls of silence
 w - 8 scrolls of enchant armour
 I - a scroll of butterflies
 X - a scroll of fear
Potions
 f - 2 potions of curing
 h - 3 potions of haste
 j - 2 potions of might
 m - 6 potions of heal wounds
 r - 5 potions of mutation
 A - 4 potions of cancellation
 C - a potion of brilliance
 G - 5 potions of ambrosia
 M - 4 potions of enlightenment
 N - 2 potions of berserk rage
 S - a potion of magic


   Skills:
 + Level 17.4 Fighting
 + Level 15.4 Dodging
 + Level 5.5 Stealth
 + Level 10.8 Shields
 + Level 14.8 Unarmed Combat
 + Level 12.3 Shapeshifting


You had 15 spell levels left.
You didn't know any spells.
Your spell library contained the following spells:

 Spells                   Type           Power      Damage    Failure   Level
 Apportation              Tloc           0%         N/A       85%         1
 Foxfire                  Conj/Fire      0%         2x1d4     85%         1
 Sandblast                Erth           0%         2d4       85%         1
 Blink                    Tloc           0%         N/A       94%         2
 Jinxbite                 Hex            0%         N/A       94%         2
 Lesser Beckoning         Tloc           0%         N/A       94%         2
 Momentum Strike          Conj/Tloc      0%         3d8       94%         2
 Hailstorm                Conj/Ice       0%         3d5       99%         3
 Inner Flame              Hex/Fire       0%         N/A       99%         3
 Stone Arrow              Conj/Erth      0%         3d7       99%         3
 Summon Ice Beast         Ice/Summ       0%         N/A       99%         3
 Tukima's Dance           Hex            0%         N/A       99%         3
 Volatile Blastmotes      Fire/Tloc      0%         2d10      99%         3
 Brom's Barrelling Bould  Conj/Erth      0%         2d3       100%        4
 Dimensional Bullseye     Hex/Tloc       0%         N/A       100%        4
 Flame Wave               Conj/Fire      0%         2d4       100%        4
 Fulminant Prism          Conj/Alch      0%         3d5       100%        4
 Iskenderun's Mystic Bla  Conj/Tloc      0%         2d3       100%        4
 Leda's Liquefaction      Alch/Erth      0%         N/A       100%        4
 Petrify                  Alch/Erth      0%         N/A       100%        4
 Sticky Flame             Fire/Alch      0%         2d4       100%        4
 Alistair's Intoxication  Alch           0%         N/A       100%        5
 Metabolic Englaciation   Hex/Ice        0%         N/A       100%        5
 Summon Mana Viper        Hex/Summ       0%         N/A       100%        5
 Yara's Violent Unravell  Hex/Alch       0%         3d3       100%        5
 Permafrost Eruption      Ice/Erth       0%         2x4d2     100%        6
 Plasma Beam              Fire/Air       0%         2x1d10    100%        6
 Sculpt Simulacrum        Ice/Alch       0%         N/A       100%        6
 Starburst                Conj/Fire      0%         6d3       100%        6
 Summon Cactus Giant      Summ           0%         N/A       100%        6
 Enfeeble                 Hex            0%         N/A       100%        7


Dungeon Overview and Level Annotations

Branches:
Dungeon (15/15)            Temple (0/1) D:7            Lair (5/5) D:9
  Swamp (4/4) Lair:3        Snake (0/4) Lair:2        Slime (0/5) Lair:4
    Orc (2/2) D:10            Elf (0/3) Orc:2        Vaults (0/5) D:14
 Depths (0/4) D:15

Altars:
Ashenzari
Dithmenos
Elyvilon
Gozag
Hepliaklqana
Nemelex Xobeh
Okawaru
Qazlal
Ru
Sif Muna
Trog
Uskayaw
Wu Jian
Yredelemnul
Beogh
Jiyva
Lugonu

Shops:
D:2 (   D:6 *!?   D:8 !   Orc:2 :[*(

Portals:
Trove: D:12 (give 18 potions of curing)

Annotations:
D:3 1 runed translucent door, Crazy Yiuf
Lair:2 3 runed translucent doors, Quvaupn's ghost, journeyman MDFE


Innate Abilities, Weirdness & Mutations

You are a creature with a mouth for a stomach.
Your midsection houses a second, enormous mouth.
You can breathe torrents of mud.
You are unimpeded by mud.
Your dull iron-grey scales are very hard. (AC +14)
You are amphibious.
You cannot fit into any form of body armour.
You are cold-blooded and may be slowed by cold attacks.


Message History

The ice dragon tramples you but does no damage.
You smack the ice dragon!
The ice dragon is heavily wounded.
The ice dragon bites you but does no damage.
You block the ice dragon's attack.
The ice dragon tramples you but does no damage.
Your ice dragon bites the ice dragon but does no damage.
Your ice dragon claws the ice dragon.
Your ice dragon tramples the ice dragon but does no damage.
You barely miss the ice dragon.
The ice dragon is heavily wounded.
The ice dragon is no longer charmed.
You block the ice dragon's attack. x2
The ice dragon tramples you.
You smack the ice dragon!
The ice dragon is severely wounded.
You feel less wooden.
Your +0 cloak unmelds from your body.
Your +2 hat unmelds from your body.
Your +0 pair of gloves unmelds from your body.
Your +0 pair of boots unmelds from your body.
You turn into a creature with a mouth for a stomach.
You barely miss the ice dragon.
The ice dragon is severely wounded.
The ice dragon barely misses you. You block the ice dragon's attack. x2
The ice dragon completely misses you.
The ice dragon claws you but does no damage.
The ice dragon misses you.
You pummel the ice dragon!!
The ice dragon is almost dead.
The ice dragon completely misses you. The ice dragon claws you!
* * * LOW HITPOINT WARNING * * *
The ice dragon closely misses you. The ice dragon breathes frost at you.
The blast of cold hits you!!
* * * LOW HITPOINT WARNING * * *
Blink to where?
Press: ? - help, Dir - move target
As you read the scroll of blinking, it crumbles to dust.
The ice dragon breathes frost at you. The blast of cold hits you!!!
You die...

#..#
#≈.≈≈♣♣
♣~~~ #..#
♣♣..♣♣ ♣.~.
#..## ≈≈..
♣~♣..
##..#♣♣≈≈.$
.~~~.
##♣.##
♣≈≈≈♣.
#...##
###..#
##..##
#W?♣# #..#
#..# #..##
##..##
##D§# #♣D#
≈..≈ ≈.≈~.≈


You could see 2 ice dragons.

Vanquished Creatures
  Bai Suzhen (Swamp:3)
  Jorgrun (Orc:1)
  Gastronok (D:9)
  An azure jelly (Swamp:4)
  3 fenstrider witches
  Louise (Swamp:4)
  A very ugly thing (D:14)
  3 eleionomae
  6 bunyips
  A dire elephant (Lair:2)
  A fire dragon (D:15)
  A rakshasa (D:14)
  An entropy weaver (shapeshifter) (D:15)
  A shambling mangrove (Swamp:4)
  Harold (D:10)
  An ice dragon (Lair:5)
  7 hydras
  2 spriggan air magi
  A great orb of eyes (D:15)
  3 boulder beetles
  2 ogre magi (Orc:2)
  2 ghost crabs
  8 alligators
  A centaur warrior (D:15)
  A death yak (Lair:2)
  A death knight (D:14)
  12 two-headed ogres
  3 spriggan berserkers
  4 skeletal warriors (D:12)
  A fire crab (Lair:2)
  5 spriggan druids
  5 goliath frogs
  7 bog bodies
  2 deep trolls (Orc:1)
  Pikel (D:6)
  4 swamp dragons
  6 orc sorcerers
  2 deep elf pyromancers
  3 orc knights
  5 will-o-the-wisps
  6 cyclopes
  A manticore (shapeshifter) (D:14)
  5 manticores
  10 elephants
  11 ugly things
  5 kobold blastminers
  12 cane toads
  A gargoyle (D:10)
  4 black mambas
  2 torpor snails
  Jeremiah (D:6)
  7 komodo dragons
  An unseen horror (D:12)
  3 rime drakes
  4 freezing wraiths (Swamp:4)
  Psyche (D:11)
  2 unseen horror zombies (D:9)
  3 polar bears
  16 trolls
  A bloated husk (Swamp:3)
  Grinder (D:3)
  16 blink frogs
  9 tyrant leeches
  18 hornets
  9 dream sheep
  Sigmund (D:3)
  21 spriggans
  A water elemental (D:14)
  7 slime creatures
  2 shadows
  2 centaur simulacra (D:10)
  A wraith (D:12)
  4 wyverns
  A human (D:10)
  29 yaks
  6 basilisks
  5 steam dragons
  2 swamp worm simulacra (Swamp:4)
  Menkaure (D:7)
  12 swamp worms
  6 nagas (Lair:2)
  12 vampire mosquitoes
  Duvessa (D:7)
  16 water moccasins
  14 hydra simulacra (Swamp:4)
  10 swamp drakes
  2 sky beasts (D:7)
  A redback (shapeshifter) (D:15)
  15 orc warriors
  8 laughing skulls
  4 black bears
  3 centaurs
  23 ogres
  10 wolves
  2 weeping skulls (D:9)
  A phantom (D:4)
  Blork the orc (D:6)
  2 kobold brigands
  10 bullfrogs
  A gnoll sergeant (D:4)
  2 scorpions
  12 wights (D:7)
  Dowan (D:7)
  8 killer bees (D:9)
  A howler monkey (D:11)
  4 electric eels
  2 centaur zombies (D:9)
  A human zombie (D:9)
  3 jellies
  A bombardier beetle (D:5)
  A hound (D:5)
  A gnoll bouda (D:8)
  20 orc priests
  A sleepcap (D:4)
  18 orc wizards
  An iguana (Lair:5)
  2 hell rats (Lair:2)
  3 mummies (D:9)
  2 howler monkey zombies (D:9)
  Robin (D:3)
  11 gnolls
  11 adders
  A shadow imp (D:6)
  4 white imps
  A swamp drake simulacrum (Swamp:4)
  2 ufetubi
  2 dart slugs
  2 ribbon worms
  72 orcs
  4 ball pythons
  3 bats (D:3)
  6 endoplasms
  A giant cockroach (D:4)
  12 goblins
  5 hobgoblins
  2 jackals (D:3)
  14 kobolds
  4 quokkas
  3 frilled lizards
  2 rats (D:3)
  A butterfly (Lair:3)
747 creatures vanquished.

Vanquished Creatures (collateral kills)
  A fenstrider witch (Swamp:4)
  A hydra simulacrum (Swamp:4)
2 creatures vanquished.

Vanquished Creatures (others)
  An eleionoma (Swamp:2)
  A bloated husk (Swamp:1)
  A wyvern (D:8)
  A wolf (Lair:2)
  2 orc wizards
  An orc (Orc:2)
  16 foxfires
23 creatures vanquished.

Grand Total: 772 creatures vanquished

Notes
Turn   | Place    | Note
-------+----------+-------------------------------------------
     0 | D:1      | cojito the Draconian Shapeshifter began the quest for the
                  | Orb.
     0 | D:1      | Reached XP level 1. HP: 16/16 MP: 1/1
   505 | D:2      | Found Rakox's Weapon Shoppe.
   514 | D:2      | Reached XP level 2. HP: 24/24 MP: 2/2
   527 | D:2      | Reached skill level 2 in Fighting
   838 | D:2      | Found a faded altar of an unknown god.
   964 | D:3      | Reached XP level 3. HP: 28/29 MP: 3/3
   965 | D:3      | Found a white marble altar of Elyvilon.
  1095 | D:3      | Noticed an ogre
  1103 | D:3      | Killed an ogre
  1104 | D:3      | Reached skill level 3 in Fighting
  1104 | D:3      | Reached XP level 4. HP: 31/38 MP: 4/4
  1333 | D:3      | Found a shadowy altar of Dithmenos.
  1334 | D:3      | Noticed Sigmund
  1338 | D:3      | Killed Sigmund
  1339 | D:3      | Reached skill level 4 in Fighting
  1339 | D:3      | Reached XP level 5. HP: 47/47 MP: 5/5
  1339 | D:3      | Reached XP level 6. HP: 53/53 MP: 6/6
  1605 | D:3      | Found an ornate altar of the Wu Jian Council.
  1663 | D:3      | Found a shimmering blue altar of Sif Muna.
  1690 | D:3      | Noticed a spectral centipede
  1690 | D:3      | Noticed a spectral black mamba
  1690 | D:3      | Noticed a spectral cane toad
  1691 | D:3      | Became a worshipper of the Wu Jian Council
  1784 | D:3      | Noticed Robin
  1797 | D:3      | Killed Robin
  1865 | D:3      | Found a runed translucent door.
  1866 | D:3      | Noticed Crazy Yiuf
  2316 | D:4      | Reached skill level 5 in Fighting
  2513 | D:4      | Your scales start taking on a dull iron-grey colour.
  2513 | D:4      | Reached XP level 7. HP: 60/61 MP: 7/7
  2538 | D:4      | Noticed a steam dragon
  2988 | D:4      | Noticed Grinder
  3041 | D:3      | Paralysed by Grinder for 5 turns
  3050 | D:3      | Paralysed by Grinder for 3 turns
  3056 | D:3      | Paralysed by Grinder for 3 turns
  3061 | D:3      | Killed Grinder
  3062 | D:3      | Reached skill level 6 in Fighting
  3094 | D:4      | Reached * piety under Wu Jian
  3107 | D:4      | Reached skill level 5 in Unarmed Combat
  3335 | D:5      | Entered Level 5 of the Dungeon
  3375 | D:4      | Killed a steam dragon
  3376 | D:4      | Reached XP level 8. HP: 35/71 MP: 8/8
  3589 | D:5      | Found an opulent altar of Gozag.
  3682 | D:5      | Reached skill level 5 in Shapeshifting
  3696 | D:5      | Reached skill level 7 in Fighting
  3966 | D:5      | Identified the staff of the Pits of Slime {rPois Will++
                  | Int+2 Alchemy}
  4067 | D:5      | Identified a scroll of acquirement
  4069 | D:5      | Acquired a manual of Dodging
  4167 | D:6      | Found Oxi Fuwea's Magic Scroll Shoppe.
  4185 | D:6      | Bought a scroll of fog for 56 gold pieces
  4185 | D:6      | Bought a scroll of identify for 28 gold pieces
  4185 | D:6      | Bought a scroll of identify for 28 gold pieces
  4185 | D:6      | Bought a scroll of blinking for 105 gold pieces
  4185 | D:6      | Bought a scroll of enchant armour for 105 gold pieces
  4247 | D:6      | Found a stormy altar of Qazlal.
  4278 | D:6      | Reached skill level 5 in Dodging
  4304 | D:6      | Noticed Jeremiah
  4353 | D:6      | Killed Jeremiah
  4560 | D:6      | Found Etrinoi's Assorted Antiques.
  4603 | D:6      | Found a hide-covered altar of Uskayaw.
  4664 | D:6      | Reached skill level 8 in Fighting
  4669 | D:6      | Noticed Blork the orc
  4685 | D:6      | Killed Blork the orc
  4692 | D:6      | Reached XP level 9. HP: 51/81 MP: 9/9
  4799 | D:6      | Found a sacrificial altar of Ru.
  4902 | D:6      | Found Toureheff's Distillery.
  5016 | D:6      | Found a runed translucent door.
  5184 | D:6      | Reached ** piety under Wu Jian
  5281 | D:6      | Found a roughly hewn altar of Beogh.
  5669 | D:7      | Reached skill level 9 in Fighting
  6027 | D:7      | Noticed Pikel
  6053 | D:6      | Killed Pikel
  6056 | D:6      | Reached *** piety under Wu Jian
  6175 | D:7      | Noticed Menkaure
  6179 | D:7      | Killed Menkaure
  6182 | D:7      | Noticed Duvessa
  6203 | D:7      | Noticed Dowan
  6211 | D:7      | Killed Duvessa
  6212 | D:7      | Reached XP level 10. HP: 87/92 MP: 10/10
  6219 | D:7      | Killed Dowan
  6237 | D:7      | Found a staircase to the Ecumenical Temple.
  6307 | D:7      | Found a bloodstained altar of Trog.
  6661 | D:8      | Reached skill level 10 in Fighting
  6687 | D:8      | Noticed a two-headed ogre
  6696 | D:8      | Killed a two-headed ogre
  6725 | D:8      | Found an iron altar of Okawaru.
  6752 | D:8      | Found Guelekk's Distillery.
  6760 | D:8      | Bought a potion of ambrosia for 112 gold pieces
  7099 | D:8      | Reached skill level 10 in Dodging
  7563 | D:9      | Noticed Gastronok
  7609 | D:9      | Killed Gastronok
  7610 | D:9      | Reached skill level 11 in Fighting
  7964 | D:9      | Found a basalt altar of Yredelemnul.
  7988 | D:9      | Reached XP level 11. HP: 98/102 MP: 11/11
  8047 | D:9      | Reached **** piety under Wu Jian
  8379 | D:9      | Found a staircase to the Lair.
  8599 | Lair:1   | Entered Level 1 of the Lair of Beasts
  8752 | Lair:1   | Reached skill level 12 in Fighting
  9488 | Lair:2   | Found a runed translucent gate.
  9488 | Lair:2   | Found a runed translucent gate.
  9488 | Lair:2   | Found a runed translucent gate.
  9489 | Lair:2   | Noticed a glowing orange brain
  9489 | Lair:2   | Noticed Quvaupn's ghost (journeyman MDFE)
  9541 | Lair:2   | Noticed a fire crab
  9542 | Lair:2   | Noticed a dire elephant
  9542 | Lair:2   | Noticed a seven-headed hydra
  9720 | Lair:2   | Reached ***** piety under Wu Jian
  9721 | Lair:2   | Reached skill level 13 in Fighting
  9889 | Lair:2   | Killed a dire elephant
  9893 | Lair:2   | Reached XP level 12. HP: 112/115 MP: 12/12
  9974 | Lair:2   | Found a staircase to the Snake Pit.
 10151 | Lair:2   | Killed a seven-headed hydra
 10275 | Lair:2   | Noticed a death yak
 10287 | Lair:2   | Killed a death yak
 10396 | Lair:2   | Found a viscous altar of Jiyva.
 10424 | Lair:3   | Reached skill level 14 in Fighting
 10713 | Lair:3   | Found a staircase to the Swamp.
 10717 | Lair:3   | Noticed a boulder beetle
 10745 | Lair:3   | Killed a boulder beetle
 10746 | Lair:3   | Reached skill level 10 in Unarmed Combat
 11253 | Lair:4   | Found a staircase to the Slime Pits.
 11255 | Lair:4   | Found a viscous altar of Jiyva.
 11357 | Lair:4   | Reached XP level 13. HP: 119/125 MP: 13/13
 11528 | Lair:4   | Got the Octavo of the Quake and the Entourage
 11804 | Lair:4   | Found a hazy altar of Hepliaklqana.
 12050 | Lair:5   | Entered Level 5 of the Lair of Beasts
 12180 | Lair:5   | Reached skill level 15 in Fighting
 12552 | Lair:5   | Reached skill level 10 in Shapeshifting
 12962 | Lair:5   | Found a sparkling altar of Nemelex Xobeh.
 13448 | Lair:5   | Identified the +6 battleaxe of Plague {protect, +Blink
                  | Int+3 Dex+3}
 13950 | D:10     | Entered Level 10 of the Dungeon
 13950 | D:10     | Noticed Harold
 13989 | D:10     | Killed Harold
 14063 | D:10     | Reached skill level 1 in Shields
 14279 | D:10     | Found a staircase to the Orcish Mines.
 14809 | D:11     | Identified the +5 short sword "Isorog" {venom, Fly rPois
                  | Str-4 Int+3}
 14924 | D:11     | Noticed Psyche
 15106 | D:11     | Identified the +7 long sword of Accidental Termination
                  | {venom, rPois Str-2 Dex+8}
 15341 | D:11     | Reached XP level 14. HP: 136/136 MP: 14/14
 15591 | D:11     | Killed Psyche
 16093 | D:12     | Found a broken altar of Ashenzari.
 16221 | D:12     | Found a portal to a secret trove of treasure.
 16611 | D:12     | Reached skill level 1 in Stealth
 18071 | D:14     | Found a gate to the Vaults.
 18380 | D:14     | Reached skill level 16 in Fighting
 18380 | D:14     | Reached skill level 5 in Shields
 18610 | D:15     | Entered Level 15 of the Dungeon
 19141 | D:15     | Found a corrupted altar of Lugonu.
 19296 | D:15     | Noticed a red very ugly thing
 19431 | D:14     | Killed a red very ugly thing
 19918 | D:15     | Found a staircase to the Depths.
 20030 | Orc:1    | Entered Level 1 of the Orcish Mines
 20294 | Orc:2    | Entered Level 2 of the Orcish Mines
 20297 | Orc:2    | Paralysed by an orc sorcerer for 2 turns
 20347 | Orc:1    | Noticed Jorgrun
 20354 | Orc:1    | Reached XP level 15. HP: 141/144 MP: 15/15
 20365 | Orc:1    | Killed Jorgrun
 20890 | Orc:2    | Paralysed by an orc sorcerer for 4 turns
 21339 | Orc:2    | Found Satwe Ifoi's General Store.
 21365 | Orc:2    | Reached ****** piety under Wu Jian
 21381 | Orc:2    | Found Piavietuowk's Book Boutique.
 21383 | Orc:2    | Found Ruotojet's Antique Weapon Shoppe.
 21384 | Orc:2    | Bought a scroll of teleportation for 36 gold pieces
 21395 | Orc:2    | Found Saqikhlicw's Antique Armour Shop.
 21483 | Orc:2    | Found a staircase to the Elven Halls.
 21816 | D:6      | Bought a potion of cancellation for 96 gold pieces
 21816 | D:6      | Bought a potion of heal wounds for 60 gold pieces
 21816 | D:6      | Bought a potion of resistance for 120 gold pieces
 21816 | D:6      | Bought a potion of berserk rage for 60 gold pieces
 21816 | D:6      | Bought a potion of curing for 36 gold pieces
 21834 | D:6      | Bought a potion of ambrosia for 232 gold pieces
 21834 | D:6      | Bought a potion of heal wounds for 145 gold pieces
 21834 | D:6      | Bought a potion of ambrosia for 232 gold pieces
 21834 | D:6      | Bought a scroll of identify for 58 gold pieces
 21834 | D:6      | Bought a potion of might for 116 gold pieces
 21834 | D:6      | Bought a potion of mutation for 232 gold pieces
 22008 | Swamp:1  | Entered Level 1 of the Swamp
 22932 | Swamp:2  | Reached skill level 5 in Stealth
 23849 | Swamp:2  | Identified the +4 rapier of the Spectre {spect, rF+ Int+3
                  | Stlth+}
 23938 | Swamp:1  | Reached XP level 16. HP: 109/154 MP: 16/16
 24097 | Swamp:1  | Reached skill level 15 in Dodging
 24390 | Swamp:2  | Reached skill level 17 in Fighting
 24745 | Swamp:3  | Noticed Bai Suzhen
 24904 | Swamp:3  | Killed Bai Suzhen
 24920 | Swamp:3  | Reached skill level 10 in Shields
 25494 | Swamp:4  | Entered Level 4 of the Swamp
 26361 | Swamp:4  | Noticed Louise
 26385 | Swamp:4  | Killed Louise
 26846 | Swamp:4  | Killed from afar by an ice dragon

Illustrated notes

Levels and vault maps discovered:
D:1:      lemuel_arrival_broad_hall, layout_rooms
D:2:      layout_rooms, shapermc_ecumenical_altar_starsandcircs, serial_shops,
          shop
D:3:      layout_loops_cross, pdpol_wu_jian_five_deadly_venoms,
          mainiacjoe_overflow_surrounded_room, elyvilon_altar_1,
          mainiacjoe_overflow_six_doors_small, kennysheep_generic_room_13,
          uniq_robin, uniq_crazy_yiuf_cottage, uniq_sigmund
D:4:      minmay_chambers_of_fours, layout_basic, serial_bayou_pond_a,
          uniq_grinder
D:5:      layout_cave_pools, nicolae_gozag_seed_capital
D:6:      layout_cave_pools, lemuel_coloured_pillars_altar,
          nicolae_overflow_hidden_temple, mainiacjoe_overflow_alcove_2,
          serial_shops, shop, nicolae_stop_n_shop_2, nicolae_shop_statue_plus,
          grunt_decor_cap, lightli_church_of_beogh, uniq_jeremiah,
          uniq_blork_the_orc
D:7:      layout_cave_pools, mainiacjoe_overflow_catwalk,
          minmay_temple_entry_arrows, kennysheep_small_square, uniq_duvessa,
          uniq_menkaure, uniq_pikel
D:8:      layout_gridville, okawaru_ov_weapons_minmay, serial_shops,
          nicolae_shop_industrial_runoff, minmay_misc_feat_hallway
D:9:      layout_basic, lemuel_mausoleum_altar_yredelemnul, lair_entry_dummy,
          skrybe_limestone_x, uniq_gastronok
D:10:     layout_small_grid, erik_orc_4, serial_ice, serial_ice_d, serial_ice_l,
          serial_ice_a, serial_ice_g, uniq_harold
D:11:     layout_roguey, serial_co_window_serial, co_window_cross_1,
          co_window_paths_a, co_window_corner_a, co_window_cross_1,
          co_window_corner_a, co_window_unsneaky_path_c, co_window_cross_2,
          co_window_corner_b, co_window_of_opportunity_b, co_window_corner_b,
          co_window_2corner, co_window_paths_e, glass_columns_a,
          glass_columns_a, glass_columns_a, glass_columns_a, uniq_psyche
D:12:     layout_gridville, trove_entry_hex_spiral, ashenzari_altar_1
D:13:     layout_basic
D:14:     layout_basic, hellmonk_vaults_attempted_burglary
D:15:     gammafunk_enter_depths_forms, layout_irregular_city,
          minmay_misc_feat_columns, tgw_lugonu_bribe
Lair:1:   layout_long_grid, grunt_megastairs_5, serial_bayou_shore_a,
          infiniplex_staircase_pool_2
Lair:2:   layout_small_grid, minmay_snake_entry_guardpost_large,
          gammafunk_ghost_ooze, st_stairs_11, nicolae_lair_lakeside_cave
Lair:3:   layout_small_grid, skrybe_swamp_entry_bodies, beast_lair_carwin_9,
          lemuel_fruit_fields
Lair:4:   layout_gridlike, slime_entry_1, basic_altar,
          nicolae_lair_grove_arrangements
Lair:5:   wormcave, layout_cellular_growth, guppyfry_lair_end_dragon,
          basic_altar, grunt_forest_small_clearing_treed
Swamp:1:  nicolae_swamp_secret_spriggan_hideout, layout_basic_swamp,
          nicolae_swamp_feature_on_the_river_bank, nicolae_swamp_tree_isthmus
Swamp:2:  layout_basic_swamp, hangedman_swamp_blocks, swamp_pool_4,
          st_swamp_ruins_4
Swamp:3:  layout_basic_swamp, evilmike_swamp_ruin_house_1, uniq_bai_suzhen
Swamp:4:  swamp_icy, layout_basic_swamp, uniq_louise
Orc:1:    layout_diamond_mine, uniq_jorgrun
Orc:2:    st_orc_open, layout_diamond_mine, special_room

Skill      XL: |  1  2  3  4  5  6  7  8  9 10 11 12 13 14 15 16 |
---------------+-------------------------------------------------+-----
Fighting       | 2 3 4 5 6 8 9 11 13 14 15 16 17 | 17.4
Dodging        | 2 3 4 6 8 11 12 13 14 15 | 15.4
Unarmed Combat | 4 5 6 7 9 10 12 13 14 | 14.8
Shapeshifting  | 4 5 6 7 8 9 10 11 12 | 12.3
Shields        | 2 6 9 10 | 10.8
Stealth        | 3 5 |  5.5

Action                     |  1- 3 |  4- 6 |  7- 9 | 10-12 | 13-15 | 16-18 || total
---------------------------+-------+-------+-------+-------+-------+-------++-------
  Melee: Unarmed           |    69 |   118 |   325 |   830 |  1576 |   384 ||  3302
         Tailslap          |     7 |    12 |    46 |   146 |   321 |    68 ||   600
         Punch             |     2 |     3 |    12 |    11 |     2 |       ||    30
         Maw               |       |       |       |       |   452 |   134 ||   586
 Invoke: Serpent's Lash    |       |       |       |     6 |    20 |     9 ||    35
         Heavenly Storm    |       |       |       |       |     1 |       ||     1
Ability: Lunge             |       |       |    24 |    24 |    54 |    22 ||   124
         Whirlwind         |       |       |    17 |    92 |   157 |    38 ||   304
         Mud Breath        |       |       |     4 |     6 |     3 |     4 ||    17
         Wall Jump         |       |       |       |     4 |     3 |       ||     7
  Evoke: Wand              |       |       |     5 |    13 |    17 |    22 ||    57
    Use: Potion            |     1 |     2 |     1 |     2 |     8 |    13 ||    27
         Scroll            |       |     1 |    10 |     9 |    11 |     2 ||    33
   Stab: Invisible         |       |       |     3 |     1 |       |     1 ||     5
         Sleeping          |       |       |     1 |       |     5 |     3 ||     9
         Distracted        |       |       |       |       |     1 |     2 ||     3
 Armour: Skin              |    35 |    67 |   193 |   281 |   767 |   178 ||  1521
  Dodge: Dodged            |    38 |    45 |   170 |   728 |  1220 |   165 ||  2366
  Block: Kite shield       |       |       |       |       |   543 |   104 ||   647
         Tower shield      |       |       |       |       |       |    57 ||    57
   Form: Flux              |       |       |       |     1 |       |       ||     1
         Maw               |       |       |       |       |     1 |     2 ||     3
                           |       |       |       |       |       |     3 ||     3
         Dragon            |       |       |       |       |       |     2 ||     2

Table legend: (Time is in decaauts)
 A = Elapsed time spent in this place.
 B = Non-inter-level travel time spent in this place.
 C = Inter-level travel time spent in this place.
 D = Time resting spent in this place.
 E = Time spent auto-exploring this place.
 F = Levels seen in this place.
 G = Mean time per level.
                   A        B        C        D        E       F      G
               +--------+--------+--------+--------+--------+-----+--------+
         Total |  26585 |  25077 |   1508 |   6205 |  12239 |  26 | 1022.5 |
       Dungeon |  14796 |  13893 |    903 |   2866 |   7751 |  15 |  986.4 |
          Lair |   5318 |   4995 |    323 |    787 |   2844 |   5 | 1063.6 |
         Swamp |   4776 |   4617 |    159 |   1932 |   1173 |   4 | 1194.0 |
  Orcish Mines |   1694 |   1572 |    122 |    620 |    470 |   2 |  847.0 |
               +--------+--------+--------+--------+--------+-----+--------+

Top non-repeatable levels by time:
 Swamp:1: 1860 daAuts
  Lair:5: 1746 daAuts
     D:6: 1456 daAuts
     D:4: 1430 daAuts
     D:9: 1297 daAuts
     D:3: 1265 daAuts
    D:11: 1253 daAuts
    D:14: 1238 daAuts
   Orc:1: 1187 daAuts
     D:7: 1083 daAuts
  Lair:2: 1083 daAuts
 Swamp:4: 1023 daAuts
 Swamp:2: 973 daAuts
    D:12: 970 daAuts
 Swamp:3: 919 daAuts
